 Dungeon Crawl Stone Soup version 0.24.0-13-gcf9b319 (webtiles) character file.

Game seed: 9963217600940912592, levelgen mode: deterministic

10683 seyes the Transmogrifier (level 11, 0/80 HPs)
             Began as a Demonspawn Transmuter on Feb 28, 2020.
             Was a High Priest of Okawaru.
             Slain by a polar bear (22 damage)
             ... on level 1 of the Lair of Beasts on Feb 29, 2020.
             The game lasted 01:46:31 (15228 turns).

seyes the Transmogrifier (Demonspawn Transmuter)   Turns: 15228, Time: 01:46:32

Health: 0/80       AC:  5    Str: 10    XL:     11   Next: 39%
Magic:  29/29      EV: 18    Int: 18    God:    Okawaru [*****.]
Gold:   431        SH:  0    Dex: 14    Spells: 1/22 levels left

rFire    + . .     SeeInvis .     - Unarmed
rCold    . . .     Gourm    .   (shield currently unavailable)
rNeg     . . .     Faith    .   b - +0 robe
rPois    .         Spirit   .   (no helmet)
rElec    .         Reflect  .   P - +2 cloak {MR+}
rCorr    .         Harm     .   (gloves currently unavailable)
MR       +....                  (no boots)
Stlth    +++.......             q - amulet of magic regeneration
HPRegen  0.23/turn              t - ring of magical power
MPRegen  0.46/turn              (no ring)

@: blade hands (expiring), heroism
A: hooves 2, fire resistance 1, powered by death 1, flame cloud immunity
a: End Transformation, Heroism, Finesse, Renounce Religion


You were on level 1 of the Lair of Beasts.
You worshipped Okawaru.
Okawaru was extremely pleased with you.
You were near starving.
You had blades for hands.
You visited 3 branches of the dungeon, and saw 11 of its levels.
You also visited: Ossuary.

You collected 601 gold pieces.
You spent 170 gold pieces at shops.

Inventory:

Hand Weapons
 i - a +1 falchion of slicing (melded)
 J - a +0 shortbow
Missiles
 a - 102 arrows
 e - 321 stones (quivered)
 y - 6 boomerangs of dispersal
Armour
 b - a +0 robe (worn)
 h - a +1 cloak of invisibility
 r - a +0 buckler
 w - a +0 pair of gloves (melded)
 z - a +2 shield
 M - a +3 leather armour of poison resistance
 P - a +2 cloak of magic resistance (worn)
 Q - a +0 leather armour of magic resistance
Jewellery
 p - an uncursed ring of fire
 q - an amulet of magic regeneration (around neck)
 t - a ring of magical power (left scythe-like blade)
 F - an uncursed amulet of the gourmand {unknown}
 V - an uncursed ring of attention
Wands
 o - a wand of polymorph (6)
 I - a wand of digging (16)
 U - a wand of disintegration (20)
Scrolls
 f - 2 scrolls of identify
 k - 6 scrolls of magic mapping
 l - 4 scrolls of remove curse
 m - 3 scrolls of enchant weapon
 n - 2 scrolls of noise
 s - 5 scrolls of teleportation
 u - a scroll of enchant armour {unknown}
 v - a scroll of fear {unknown}
 B - a scroll of blinking {unknown}
 H - a scroll of fog {unknown}
 R - a scroll of silence {unknown}
 S - 2 scrolls of random uselessness {unknown}
Potions
 c - a potion of magic {unknown}
 g - a potion of might
 j - 4 potions of curing
 x - 3 potions of brilliance
 A - a potion of heal wounds
 C - a potion of flight {unknown}
 D - 2 potions of degeneration {unknown}
 E - 2 potions of lignification
 G - 5 potions of ambrosia
 K - a potion of cancellation {unknown}
 L - 3 potions of mutation
 N - a potion of haste {unknown}
 O - a potion of berserk rage {unknown}
Comestibles
 d - 28 rations


   Skills:
 - Level 5.3(10.3) Fighting
 - Level 1.0(6.0) Bows
 - Level 4.8(9.8) Dodging
 - Level 5.1(10.1) Unarmed Combat
 + Level 6.3 Spellcasting
 - Level 10.0 Transmutations
 - Level 5.0 Ice Magic
 + Level 5.7 Earth Magic
 - Level 3.0 Poison Magic
 - Level 3.8 Invocations


You had one spell level left.
You knew the following spells:

 Your Spells              Type           Power        Failure   Level  Hunger
a - Beastly Appendage     Tmut           #####.       9%          1    None
b - Blade Hands           Tmut           #####.....   34%         5    #####..
c - Ice Form              Ice/Tmut       ####....     34%         4    ####...
d - Spider Form           Tmut/Pois      ####......   22%         3    ##.....
e - Statue Form           Tmut/Erth      ####.....    90%         6    #######
t - Sticks to Snakes      Tmut           #####...     10%         2    None

Your spell library contained the following spells:

 Spells                   Type           Power        Failure   Level  Hunger
 Hydra Form               Tmut           #####.....   71%         6    #######
 Irradiate                Conj/Tmut      ###.......   80%         5    #####..
 Dragon Form              Tmut           #####.....   99%         7    #######


Dungeon Overview and Level Annotations

Branches:
Dungeon (9/15)             Temple (0/1) D:5            Lair (1/6) D:9
    Orc (1/2) D:9         Ossuary (visited)

Altars:
Ashenzari
Elyvilon
Kikubaaqudgha
Makhleb
Okawaru
Ru
Vehumet

Shops:
D:9 *


Innate Abilities, Weirdness & Mutations

You have hoof-like feet.
Your flesh is heat resistant. (rF+)
You regenerate a little health from kills.
You are immune to clouds of flame.


Message History

The polar bear misses you.
You barely miss the polar bear.
You kick the polar bear, but do no damage.
You slash the polar bear.
The polar bear is severely wounded.
The polar bear closely misses you. The polar bear claws you.
The polar bear closely misses you. The polar bear barely misses you.
The polar bear claws you.
The polar bear claws you but does no damage.
You hit the polar bear but do no damage.
Your kick misses the polar bear.
The polar bear is severely wounded.
The polar bear completely misses you. The polar bear claws you.
The polar bear claws you!
* * * LOW HITPOINT WARNING * * *
You slash the polar bear!
The polar bear is almost dead.
Your transformation is almost over.
The polar bear bites you!!
You die...

...............#..###..........##
.................##.##..#.......#
.................##..######.#P...
.................#..P# .##.....
...............#.#..### h##.....
...............#...##.## .?#...##
...............#.....h.##.##.P.##
.......###...###.h##....h.##.Y###
.......#.....# #@####......#Y....
.......#.....# #.# #####.##..#..
............## #......#####....Y.
.............# #..##..........#..
............## #####.P.##........
.......#...## . #...##...
##..####...# ### #...#.... #..#
#...####.### #........ #..#
#...##.....# #...#....


You could see a polar bear (berserk).

Vanquished Creatures
  Harold (D:7)
  A hydra (Lair:1)
  2 two-headed ogres
  Pikel (D:6)
  The ghost of animeman234 the Cruncher, a novice MiGl of the Shining One (D:7)
  A cyclops (Orc:1)
  A komodo dragon (Lair:1)
  2 spiny frogs (Lair:1)
  A troll (D:9)
  2 polar bears (Lair:1)
  2 hippogriffs
  A spriggan (D:9)
  3 yaks (Lair:1)
  Eustachio (D:6)
  Menkaure (D:5)
  2 wargs (D:9)
  6 orc warriors
  A phantom (D:7)
  4 slaves (D:6)
  3 black bears
  2 ice beasts
  3 centaurs
  5 ogres
  2 crocodiles (Lair:1)
  A big kobold (D:9)
  5 bullfrogs
  A wyvern zombie (D:9)
  2 scorpions
  2 crimson imps (D:6)
  2 centaur zombies
  2 quasits (D:7)
  7 orc priests
  4 bullfrog skeletons
  A hound (D:8)
  3 centaur skeletons
  3 iguanas
  4 worker ants
  13 orc wizards
  A hound zombie (D:8)
  2 hound skeletons
  3 mummies (Ossuary)
  A howler monkey zombie (D:8)
  8 gnolls
  12 adders
  An adder zombie (D:7)
  An adder skeleton (D:7)
  2 worms (D:3)
  A dart slug (D:2)
  6 leopard geckos
  46 orcs
  A ball python (D:1)
  11 bats
  6 giant cockroaches
  6 goblins
  4 hobgoblins (D:2)
  11 jackals
  7 kobolds
  4 quokkas
  4 frilled lizards
  2 giant cockroach zombies
  3 goblin zombies (Ossuary)
  2 hobgoblin zombies (Ossuary)
  5 kobold zombies (Ossuary)
  A leopard gecko zombie (D:5)
  An orc zombie (Ossuary)
  4 quokka zombies (Ossuary)
  7 rats
  3 rat zombies (Ossuary)
  A spectral jackal (D:7)
266 creatures vanquished.

Vanquished Creatures (collateral kills)
  A hornet (D:9)
  A porcupine (Lair:1)
  A black bear (Lair:1)
  An ogre (D:9)
  A crocodile (Lair:1)
  A centaur skeleton (D:7)
  3 adders (D:2)
  A leopard gecko (D:7)
  3 orcs
  A hobgoblin (D:3)
  A frilled lizard (D:3)
  A kobold (D:3)
16 creatures vanquished.

Grand Total: 282 creatures vanquished

Notes
Turn   | Place    | Note
-------+----------+-------------------------------------------
     0 | D:1      | seyes the Demonspawn Transmuter began the quest for the
                  | Orb.
     0 | D:1      | Reached XP level 1. HP: 15/15 MP: 3/3
   124 | D:1      | Reached skill level 2 in Transmutations
   470 | D:1      | Lost mutation: You have claws for feet. [demonic ancestry]
   470 | D:1      | Lost mutation: You have razor-sharp toenails. [demonic
                  | ancestry]
   470 | D:1      | Lost mutation: You have sharp toenails. [demonic ancestry]
   470 | D:1      | Gained mutation: You have large cloven feet. [demonic
                  | ancestry]
   470 | D:1      | Reached XP level 2. HP: 20/21 MP: 3/5
   494 | D:1      | Learned a level 2 spell: Sticks to Snakes
  1167 | D:2      | Reached skill level 3 in Transmutations
  1276 | D:2      | Gained mutation: You have hoof-like feet. [demonic
                  | ancestry]
  1276 | D:2      | Reached XP level 3. HP: 21/26 MP: 0/6
  1362 | D:2      | Learned a level 3 spell: Spider Form
  1636 | D:2      | Reached skill level 1 in Poison Magic
  1697 | D:2      | Found an iron altar of Okawaru.
  1722 | D:2      | Became a worshipper of Warmaster Okawaru
  2293 | D:3      | Reached XP level 4. HP: 23/32 MP: 5/7
  2993 | D:3      | Gained mutation: You regenerate a little health from kills.
                  | [demonic ancestry]
  2993 | D:3      | Reached XP level 5. HP: 28/37 MP: 8/8
  3619 | D:3      | Reached skill level 4 in Transmutations
  3968 | D:4      | Found a sand-covered staircase.
  3990 | Ossuary  | Entered an ossuary
  4491 | D:4      | Reached XP level 6. HP: 37/44 MP: 10/10
  4497 | D:4      | Learned a level 4 spell: Ice Form
  4597 | D:4      | Found an ancient bone altar of Kikubaaqudgha.
  5380 | D:4      | Reached skill level 1 in Ice Magic
  5623 | D:5      | Entered Level 5 of the Dungeon
  5806 | D:5      | Reached * piety under Okawaru
  5811 | D:5      | Found a staircase to the Ecumenical Temple.
  5827 | D:5      | Noticed Menkaure
  5850 | D:5      | Killed Menkaure
  5850 | D:5      | Gained mutation: Your flesh is heat resistant. (rF+)
                  | [demonic ancestry]
  5850 | D:5      | Reached XP level 7. HP: 50/50 MP: 8/12
  6189 | D:5      | Reached skill level 5 in Transmutations
  6194 | D:5      | Found a shattered altar of Ashenzari.
  6279 | D:5      | Found a radiant altar of Vehumet.
  6544 | D:5      | Reached skill level 1 in Invocations
  6968 | D:5      | Found a white marble altar of Elyvilon.
  6982 | D:5      | Reached ** piety under Okawaru
  7195 | D:5      | Gained mutation: You are immune to clouds of flame.
                  | [demonic ancestry]
  7195 | D:5      | Reached XP level 8. HP: 46/56 MP: 12/14
  7785 | D:6      | Noticed Pikel
  7800 | D:6      | Killed Pikel
  7800 | D:6      | Reached *** piety under Okawaru
  7800 | D:6      | Reached skill level 6 in Transmutations
  8194 | D:6      | Noticed Eustachio
  8305 | D:6      | Learned a level 5 spell: Blade Hands
  8308 | D:6      | Killed Eustachio
  8308 | D:6      | Reached skill level 5 in Spellcasting
  9394 | D:7      | Noticed Harold
  9468 | D:7      | Reached XP level 9. HP: 49/65 MP: 16/16
  9779 | D:7      | Reached skill level 5 in Ice Magic
  9978 | D:7      | Reached **** piety under Okawaru
 10059 | D:7      | Found a runed translucent gate.
 10059 | D:7      | Found a runed translucent gate.
 10059 | D:7      | Found a runed translucent gate.
 10060 | D:7      | Noticed animeman234's ghost (novice MiGl)
 10371 | D:7      | Killed Harold
 10371 | D:7      | Reached skill level 5 in Fighting
 10371 | D:7      | Reached skill level 7 in Transmutations
 10400 | D:7      | Killed animeman234's ghost
 10400 | D:7      | Reached ***** piety under Okawaru
 10621 | D:7      | Found a sacrificial altar of Ru.
 11523 | D:8      | Received a gift from Okawaru
 11523 | D:8      | Reached XP level 10. HP: 74/74 MP: 15/17
 11618 | D:8      | Noticed a two-headed ogre
 11628 | D:8      | Killed a two-headed ogre
 11628 | D:8      | Reached skill level 5 in Unarmed Combat
 11628 | D:8      | Reached skill level 8 in Transmutations
 12628 | D:9      | Found Fubabun's Assorted Antiques.
 12635 | D:9      | Bought a wooden ring for 170 gold pieces
 12890 | D:9      | Found a staircase to the Orcish Mines.
 12924 | D:9      | Paralysed by a hornet for 1 turns
 12990 | D:9      | Learned a level 6 spell: Statue Form
 13280 | D:9      | Reached skill level 1 in Earth Magic
 13336 | D:9      | Found a staircase to the Lair.
 13344 | D:9      | Noticed a two-headed ogre
 13383 | D:9      | Killed a two-headed ogre
 13561 | D:9      | Reached skill level 9 in Transmutations
 14059 | D:9      | Found a burning altar of Makhleb.
 14143 | Orc:1    | Entered Level 1 of the Orcish Mines
 14217 | Orc:1    | Noticed a cyclops
 14225 | Orc:1    | Killed a cyclops
 14225 | Orc:1    | Reached XP level 11. HP: 80/80 MP: 20/20
 14308 | Orc:1    | Noticed an orc sorcerer
 14455 | Lair:1   | Entered Level 1 of the Lair of Beasts
 14557 | Lair:1   | Received a gift from Okawaru
 14620 | Lair:1   | Reached skill level 1 in Bows
 14737 | Lair:1   | Noticed an eight-headed hydra
 14754 | Lair:1   | Killed an eight-headed hydra
 14754 | Lair:1   | Reached skill level 5 in Earth Magic
 15137 | Lair:1   | Reached skill level 10 in Transmutations
 15228 | Lair:1   | Slain by a polar bear

Levels and vault maps discovered:
D:1:      co_arrival_square_in_a_square_in_a_square, layout_basic
D:2:      layout_loops_ring, nicolae_overflow_crystal_walls, first_ration
D:3:      cheibrodos_helix_gallery, layout_basic
D:4:      layout_loops_corners, kennysheep_mini, nicolae_ossuary_entry_ruins,
          hangedman_decor_push
D:5:      layout_layer_cave, old_standard_altar, vehumet_crystals,
          evilmike_ruin_ashenzari, minmay_temple_entry_stoned_glass,
          uniq_menkaure
D:6:      layout_basic, uniq_pikel, uniq_eustachio
D:7:      layout_basic, nicolae_overflow_hidden_temple,
          gammafunk_ghost_necromancy, uniq_harold
D:8:      layout_layer_cave
D:9:      layout_gridville, overflow_temple_1_default,
          erik_lair_orcish_takeover, orc_0_dummy, serial_shops,
          kennysheep_mini_moat, the_bakery
Lair:1:   beast_lair_carwin_large_2, layout_gridlike, grunt_megastairs_5,
          lemuel_fruit_tree
Orc:1:    layout_diamond_mine, basic_altar, serial_shops, shop,
          nicolae_orc_flooded_monolith

Skill      XL: |  1  2  3  4  5  6  7  8  9 10 11 |
---------------+----------------------------------+-----
Transmutations | 2 3 4 5 6 7 9 10 | 10.0
Poison Magic   | 2 3 |  3.0
Fighting       | 2 4 5 |  5.3
Spellcasting   | 3 4 5 6 |  6.3
Ice Magic      | 1 3 4 5 |  5.0
Invocations    | 2 3 |  3.8
Dodging        | 4 |  4.8
Unarmed Combat | 4 5 |  5.1
Earth Magic    | 4 5 |  5.7
Bows           | 1 |  1.0

Action                   |  1- 3 |  4- 6 |  7- 9 | 10-12 || total
-------------------------+-------+-------+-------+-------++-------
Melee: Unarmed           |   107 |   238 |   337 |   254 ||   936
       Kick              |    16 |    57 |    23 |    37 ||   133
       Headbutt          |     7 |    15 |     7 |     3 ||    32
       Punch             |       |     1 |       |     1 ||     2
       Falchion          |       |       |     5 |       ||     5
 Fire: Hunting sling     |       |     3 |       |       ||     3
Throw: Stone             |    18 |     2 |     7 |     4 ||    31
 Cast: Beastly Appendage |    22 |    16 |     8 |     2 ||    48
       Sticks to Snakes  |     6 |    12 |    12 |    15 ||    45
       Spider Form       |       |    12 |    22 |     8 ||    42
       Ice Form          |       |       |    10 |     7 ||    17
       Blade Hands       |       |       |     3 |    12 ||    15
Invok: Heroism           |       |     1 |     4 |    15 ||    20
       Finesse           |       |       |       |     3 ||     3
 Abil: End Transformatio |       |     1 |    12 |    10 ||    23
Evoke: Wand              |       |     3 |     3 |     4 ||    10
  Use: Scroll            |     2 |     5 |     5 |     5 ||    17
       Potion            |       |       |     2 |     2 ||     4
 Stab: Sleeping          |     1 |       |       |       ||     1
       Distracted        |       |       |     1 |       ||     1
  Eat: Chunk             |     5 |    14 |    19 |    12 ||    50
       Ration            |       |       |     1 |     1 ||     2
Armor: Robe              |    28 |    35 |    22 |    24 ||   109
       Skin              |       |     1 |    21 |     8 ||    30
Dodge: Dodged            |    81 |   135 |   214 |   217 ||   647
       Rpst.: Falchion   |       |       |       |     3 ||     3
